 Dungeon Crawl Stone Soup version 0.27.1-1-g398f81649c (webtiles) character file.

Game seed: 7164942892758809116

49 speeev33 the Skirmisher (level 3, -1/33 HPs)
             Began as a Hill Orc Fighter on Sept 15, 2021.
             Slain by Sigmund (9 damage)
             ... on level 2 of the Dungeon.
             The game lasted 00:01:31 (1576 turns).

speeev33 the Skirmisher (Hill Orc Fighter)          Turns: 1576, Time: 00:01:32

Health: -1/33      AC:  8    Str: 19    XL:     3   Next: 77%
Magic:  3/3        EV:  7    Int: 14    God:
Gold:   50         SH:  0    Dex: 10    Spells: 2/2 levels left

rFire    . . .     SeeInvis .   a - +0 war axe
rCold    . . .     Faith    .   c - +0 kite shield
rNeg     . . .     Spirit   .   b - +0 scale mail
rPois    .         Reflect  .   g - +0 helmet
rElec    .         Harm     .   (no cloak)
rCorr    .         Rampage  .   (no gloves)
Will     .....                  (no boots)
Stlth    ..........             (no amulet)
HPRegen  0.11/turn              h - +6 ring of intelligence
MPRegen  0.08/turn              (no ring)

@: confused, mighty
A: no striking features
a: no special abilities


You were on level 2 of the Dungeon.
You visited 1 branch of the dungeon, and saw 2 of its levels.

You collected 50 gold pieces.

Inventory:

Hand Weapons
 a - a +0 war axe (weapon)
Armour
 b - a +0 scale mail (worn)
 c - a +0 kite shield (worn)
 g - a +0 helmet (worn)
Jewellery
 h - a +6 ring of intelligence (left hand)
Scrolls
 e - a scroll of teleportation {unknown}
Potions
 f - a potion of flight


   Skills:
 + Level 4.2 Fighting
 + Level 3.5 Axes
 + Level 3.8 Armour
 + Level 3.8 Shields


You had 2 spell levels left.
You didn't know any spells.
Your spell library was empty.

Dungeon Overview and Level Annotations

Branches:
Dungeon (2/15)

Altars:
Yredelemnul

Shops:
D:1 [

Annotations:
D:2 Sigmund


Message History

No target in view!
No target in view!
No target in view!
No target in view!
No target in view!
No target in view!
No target in view!
No target in view!
You see here a hobgoblin corpse.
Found a basalt altar of Yredelemnul.
There is an open door here.
Found 9 stones.
Sigmund the Dreaded comes into view.
He is wielding a +0 scythe and wearing a +2 robe of the Archmagi.
Sigmund shouts!
Sigmund is nearby!
You feel very mighty all of a sudden.
Sigmund drinks a potion.
Sigmund seems to speed up.
Sigmund barely misses you.
Sigmund screams, "Don't try to resist!"
Sigmund hits you with a +0 scythe.
You barely miss Sigmund. Sigmund barely misses you.
You slash Sigmund!
Sigmund is heavily wounded.
Sigmund gestures wildly while chanting.
Sigmund flickers and vanishes!
Deactivating autopickup; reactivate with Ctrl-A.
You block something's attack.
You hit something. Something hits you! Something hits you.
You closely miss something.
You hear some strange, mumbled words.
You are confused.
Something hits you!
You miss something. Something hits you.
* * * LOW HITPOINT WARNING * * *
You miss something.
You hear some strange, mumbled words.
You are more confused.
Something hits you but does no damage.
You barely miss something. Something hits you!
You die...

#.#.#...........#....#
#.#.#.#.#####.#.#....#
#.#.#.#.# #.#.#....#
#.#.#.#.# #.#.#....#
#.#.#.#.# #.#.#....#
#.#.#.#.# #.#.#.#'##
#.#.#.#.# #.#.#.#.##
#.#.#.#.# #.#.#.#.##
#.#..@{.##### #.#.#.##
#.#.......... #.#.#.##
#.#.....##### #.#.##
#.#...#(... #.#.##
#.###############.#.##
#.................#.##
###################...
####


There were no monsters in sight!

Vanquished Creatures
  An adder (D:2)
  A ball python (D:1)
  3 endoplasms
  A giant cockroach (D:1)
  4 goblins
  3 hobgoblins
  9 bats
  2 frilled lizards (D:1)
  8 kobolds
  4 rats
36 creatures vanquished.

Notes
Turn   | Place    | Note
-------+----------+-------------------------------------------
     0 | D:1      | speeev33 the Hill Orc Fighter began the quest for the Orb.
     0 | D:1      | Reached XP level 1. HP: 19/19 MP: 1/1
    83 | D:1      | Reached XP level 2. HP: 24/27 MP: 2/2
   594 | D:1      | Found Coewk's Antique Armour Emporium.
   729 | D:1      | Reached skill level 4 in Fighting
   729 | D:1      | Reached XP level 3. HP: 33/33 MP: 3/3
  1442 | D:2      | Found a basalt altar of Yredelemnul.
  1565 | D:2      | Noticed Sigmund
  1576 | D:2      | Slain by Sigmund

Illustrated notes

Levels and vault maps discovered:
D:1:      dpeg_arrival_round_c, layout_loops_cross, serial_shops,
          nicolae_shop_trees, st_stairs_2, minmay_tromino_mix6
D:2:      layout_basic, basic_altar, st_stairs_12, uniq_sigmund

Skill      XL: |  1  2 |
---------------+-------+-----
Axes           | 3 |  3.5
Fighting       | 4 |  4.2
Armour         | |  3.8
Shields        | |  3.8

Action                   || total
-------------------------++-------
Melee: War axe           ||   111
  Use: Scroll            ||     2
       Potion            ||     1
Armor: Scale mail        ||    62
Dodge: Dodged            ||    50
Block: Kite shield       ||    89
